 Dungeon Crawl Stone Soup version 0.20-a0-454-g2b43fbb (console) character file.

348 Eviona the Insei (level 6, -3/53 HPs)
             Began as a Draconian Transmuter on Jan 8, 2017.
             Succumbed to an orc wizard's poison
             ... on level 4 of the Dungeon.
             The game lasted 00:04:41 (3461 turns).

Eviona the Insei (Draconian Transmuter)             Turns: 3461, Time: 00:04:41

Health: -3/53      AC:  2    Str:  9 (12) XL:     6   Next: 33%
Magic:  7/9        EV: 24    Int: 14 (15) God:
Gold:   165        SH:  0    Dex: 19 (22) Spells: 5/9 levels left

rFire  . . .     SeeInvis .       - Unarmed
rCold  . . .     Gourm    .     (armour unavailable)
rNeg   . . .     Faith    .     (shield currently unavailable)
rPois  x         Spirit   .     (helmet currently unavailable)
rElec  .         Reflect  .     (cloak currently unavailable)
rCorr  .         Harm     .     (gloves currently unavailable)
MR     .....                    (boots currently unavailable)
Stlth  +++.......               (no amulet)
                                (no ring)
                                (no ring)

@: agile, lethally poisoned (-3 -> -64), spider-form (expiring)
A: unfitting armour, (cold-blooded), AC +6
a: End Transformation


You were on level 4 of the Dungeon.
You were not hungry.
You were a venomous arachnid creature.
You visited 1 branch of the dungeon, and saw 4 of its levels.

You collected 165 gold pieces.

Inventory:

Missiles
 a - 20 arrows
Jewellery
 e - a +3 ring of dexterity {unknown}
 j - an uncursed ring of magical power {unknown}
 q - a cursed -3 ring of dexterity {unknown}
 y - an uncursed ring of ice {unknown}
 z - an uncursed ring of fire {unknown}
Scrolls
 f - 3 scrolls of teleportation {unknown}
 g - 5 scrolls of recharging {unknown}
 i - a scroll of fog {unknown}
 m - a scroll of amnesia {unknown}
 n - 2 scrolls of enchant weapon {unknown}
 p - 2 scrolls of immolation {unknown}
 u - a scroll of noise {unknown}
 v - a scroll of blinking {unknown}
 B - a scroll of identify {unknown}
Potions
 h - a potion of lignification {unknown}
 k - a potion of might {unknown}
 l - a potion of flight {unknown}
 r - a potion of curing {unknown}
 s - a potion of heal wounds {unknown}
 A - a potion of degeneration
Books
 b - a book of Changes

   Spells                             Type                      Level
   a - Beastly Appendage              Transmutation                1
   b - Sticks to Snakes               Transmutation                2
   c - Spider Form                    Transmutation/Poison         3
   d - Ice Form                       Ice/Transmutation            4
   e - Blade Hands                    Transmutation                5
Comestibles
 c - 6 bread rations
 t - a meat ration
 w - a slice of pizza
 x - a beef jerky


   Skills:
 + Level 4.5 Fighting
 - Level 1.7 Dodging
 + Level 4.6 Unarmed Combat
 - Level 2.0 Spellcasting
 - Level 4.0 Transmutations


You had 5 spell levels left.
You knew the following spells:

 Your Spells              Type           Power        Failure   Level  Hunger
a - Beastly Appendage     Tmut           ##....       14%         1    ##.....
b - Spider Form           Tmut/Pois      #.........   52%         3    ####...


Dungeon Overview and Level Annotations

Branches:
Dungeon (4/15)
 Temple: D:4-7

Altars:
Elyvilon
Gozag
Zin

Annotations:
D:3 Eviona's ghost, amateur DrTm


Innate Abilities, Weirdness & Mutations

((Your plain brown scales are hard. (AC +6)))
You cannot fit into any form of body armour.
((You are cold-blooded and may be slowed by cold attacks.))


Message History

Press: ? - help, v - describe, . - travel, g - get item A whip.
There is something else lying underneath.
The floor.
* * * LOW HITPOINT WARNING * * *
You feel very sick. The orc misses you.
* * * LOW HITPOINT WARNING * * *
You feel very sick. The orc barely misses you.
It was a potion of degeneration.
There was something very wrong with that liquid.
You feel weakened.
You feel dopey.
You feel clumsy.
* * * LOW HITPOINT WARNING * * *
You feel very sick. The orc closely misses you. The orc hits you with a dagger.
* * * LOW HITPOINT WARNING * * *
It was a potion of agility.
You feel agile all of a sudden.
You die...

####### ####.....#
####........#
###...........#
####......########
##<......)## ##..###....#
....# #..>.##### #####
....# #........###.....
....# #....###.....# #..
....###..).#....so###....#
.....##......####o.)...#
####.####...## #..[.###
#..###.### #.#....#
#####.....# ..##.#...#
#......#..### #.## .# ..#
..#######...###..# .# .#
### ###.....# # # ###
###..## ..# ####.## #.###
#.....#


You could see 2 orcs.

Vanquished Creatures
  A phantom (D:4)
  A scorpion (D:3)
  Natasha (twice) (D:3)
  A worker ant (D:4)
  5 adders
  3 dart slugs (D:1)
  3 leopard geckos
  12 orcs
  6 giant cockroaches
  5 goblins
  6 hobgoblins
  3 jackals (D:1)
  6 kobolds
  2 quokkas
  4 bats (D:1)
  7 frilled lizards
  A leopard gecko skeleton (D:4)
  8 rats
76 creatures vanquished.

Notes
Turn   | Place    | Note
-------+----------+-------------------------------------------
     0 | D:1      | Eviona the Draconian Transmuter began the quest for the Orb.
     0 | D:1      | Reached XP level 1. HP: 16/16 MP: 3/3
   120 | D:1      | Reached XP level 2. HP: 22/23 MP: 3/5
   747 | D:1      | Reached XP level 3. HP: 27/28 MP: 4/6
   802 | D:2      | Learned a level 3 spell: Spider Form
  1258 | D:2      | Found a white marble altar of Elyvilon.
  1287 | D:2      | Found an opulent altar of Gozag.
  1646 | D:2      | Reached XP level 4. HP: 21/36 MP: 5/7
  2087 | D:3      | Reached XP level 5. HP: 38/45 MP: 2/8
  2216 | D:3      | Found a glowing silver altar of Zin.
  2522 | D:3      | Noticed Natasha
  2552 | D:3      | Killed Natasha
  2583 | D:3      | Noticed Eviona's ghost (amateur DrTm)
  2701 | D:3      | Noticed Natasha
  2710 | D:3      | Killed Natasha
  3075 | D:4      | Noticed a phantom
  3124 | D:4      | Killed a phantom
  3124 | D:4      | Reached XP level 6. HP: 14/53 MP: 2/9
  3460 | D:4      | HP: 2/53 [orc/dagger (3)]
  3461 | D:4      | Succumbed to an orc wizard's poison

Vault maps used:
D:1:      doesnt_arrival_goblin_jail
D:2:      lemuel_crystal_altar, first_bread, st_stairs_1,
          minmay_misc_feat_square, nicolae_gozag_seed_capital
D:3:      lemuel_doored_altar, minivault_14, uniq_natasha
D:4:      lemuel_castle_with_subvaults

Skill      XL: |  1  2  3  4  5 |
---------------+----------------+-----
Transmutations | 3 4 |  4.0
Fighting       | 2 3 4 |  4.5
Unarmed Combat | 4 |  4.6
Dodging        | |  1.7
Spellcasting   | |  2.0

Action                   |  1- 3 |  4- 6 || total
-------------------------+-------+-------++-------
Melee: Unarmed           |   124 |   134 ||   258
       Tailslap          |    10 |     6 ||    16
       Kick              |    10 |     1 ||    11
       Headbutt          |     4 |     2 ||     6
       Punch             |     2 |     1 ||     3
 Cast: Beastly Appendage |    18 |     7 ||    25
       Spider Form       |       |    17 ||    17
  Use: Potion            |       |     2 ||     2
  Eat: Chunk             |     3 |     9 ||    12
Armor: Skin              |    37 |    11 ||    48
Dodge: Dodged            |    85 |    94 ||   179
